 Dungeon Crawl Stone Soup version 0.19.3-4-gbf9329e (webtiles) character file.

889 Alarkh the Cleaver (level 7, -8/52 HPs)
             Began as a Demonspawn Monk on Jan 28, 2017.
             Was a Priest of Okawaru.
             Killed by nerve-wracking pain
             ... invoked by a shadow imp
             ... summoned by Eustachio
              (13 damage)
             ... on level 4 of the Dungeon.
             The game lasted 00:05:14 (4041 turns).

Alarkh the Cleaver (Demonspawn Monk)                Turns: 4041, Time: 00:05:15

Health: -8/52      AC:  6    Str: 11    XL:     7   Next: 77%
Magic:  7/7        EV: 12    Int: 13    God:    Okawaru [***...]
Gold:   246        SH:  0    Dex: 16    Spells: 0 memorised, 6 levels left

rFire  . . .     SeeInvis .     a - +0 hand axe
rCold  . . .     Gourm    .     q - -1 leather armour (curse)
rNeg   . . .     Faith    .     (no shield)
rPois  .         Spirit   .     (helmet restricted)
rElec  .         Reflect  .     m - +0 cloak
rCorr  .         Harm     .     (no gloves)
MR     .....                    (no boots)
Stlth  ++........               (no amulet)
                                (no ring)
                                (no ring)

@: no status effects
A: horns 1, yellow scales 2, rot immunity
a: Heroism, Renounce Religion


You were on level 4 of the Dungeon.
You worshipped Okawaru.
Okawaru was most pleased with you.
You were hungry.

You visited 1 branch of the dungeon, and saw 4 of its levels.

You collected 246 gold pieces.

Inventory:

Hand Weapons
 a - a +0 hand axe (weapon)
Armour
 b - a +0 robe
 m - a +0 cloak (worn)
 q - a cursed -1 leather armour (worn)
Scrolls
 d - a scroll of teleportation {unknown}
 e - a scroll of magic mapping {unknown}
 h - 2 scrolls of remove curse {unknown}
 i - a scroll of enchant weapon {unknown}
 j - 2 scrolls of fear
 k - a scroll of immolation
 p - a scroll of amnesia {unknown}
 r - a scroll of identify
 t - a scroll of fog {unknown}
 u - a scroll of recharging {unknown}
 v - a scroll of enchant armour {unknown}
Potions
 l - a potion of brilliance {unknown}
 s - a potion of ambrosia
Comestibles
 c - 2 bread rations
 f - 7 fruits
 g - 2 chunks of flesh
 n - 2 meat rations
 o - a beef jerky


   Skills:
 - Level 3.0 Fighting
 + Level 8.6 Axes
 - Level 2.6 Dodging
 - Level 1.7 Stealth


You had 6 spell levels left.
You didn't know any spells.

Dungeon Overview and Level Annotations

Branches:
Dungeon (4/15)
 Temple: D:4-7

Altars:
Cheibriados
Dithmenos
Elyvilon
Hepliaklqana
Makhleb
Okawaru
Trog

Annotations:
D:4 exclusion: phantom, Eustachio


Innate Abilities, Weirdness & Mutations

You have a pair of small horns on your head.
You are mostly covered in yellow scales. (AC +3)
You are immune to rotting.


Message History

The quokka bites you but does no damage.
You hit Eustachio but do no damage.
Eustachio is heavily wounded.
You hit the quokka.
Eustachio casts a spell.
Eustachio blinks!
The quokka misses you.
You hit the shadow imp but do no damage.
You hit the quokka.
You kill the quokka!
The quokka's corpse disappears in a puff of smoke!
The shadow imp barely misses you.
You hit the shadow imp.
The shadow imp is lightly wounded.
Eustachio casts a spell.
The shadow imp hits you but does no damage.
You closely miss the shadow imp.
The shadow imp is lightly wounded.
Eustachio casts a spell.
The shadow imp gestures at you. Pain shoots through your body!
You die...

...... +......#
...... ######......#
..#### #...........#
..# #...........# ..#
#........r5.# ..#
#.........@.# ..#
#......5rr..# ..#
#.....##5####
..#######.....#.@ยง.#
..............#....#
..............#....#
..............#....#
..............######
###'###########
#....#...).#
#....'.).).#
##+###'##)###########


You could see Eustachio, 2 shadow imps, an ufetubus, 2 quokkas and a rat.

Vanquished Creatures
  Grinder (D:3)
  The ghost of Clownie the Vexing, an amateur FoEn (D:3)
  A phantom (D:4)
  Blork the orc (D:4)
  A howler monkey (D:4)
  An orc priest (D:4)
  2 orc wizards (D:4)
  Jessica (D:3)
  5 worker ants (D:4)
  Robin (D:4)
  3 gnolls (D:3)
  3 adders
  2 oozes
  2 worms (D:3)
  2 leopard geckos
  2 orcs
  11 bats
  5 giant cockroaches
  20 goblins
  6 hobgoblins
  2 jackals (D:3)
  6 frilled lizards
  4 kobolds
  12 rats
95 creatures vanquished.

Notes
Turn   | Place    | Note
-------+----------+-------------------------------------------
     0 | D:1      | Alarkh the Demonspawn Monk began the quest for the Orb.
     0 | D:1      | Reached XP level 1. HP: 18/18 MP: 1/1
    48 | D:1      | Reached skill level 3 in Axes
   246 | D:1      | Gained mutation: You have a pair of small horns on your head. [demonic ancestry]
   246 | D:1      | Reached XP level 2. HP: 14/24 MP: 2/2
  1032 | D:3      | Noticed Clownie's ghost (amateur FoEn)
  1194 | D:2      | Gained mutation: You are immune to rotting. [demonic ancestry]
  1194 | D:2      | Reached XP level 3. HP: 29/29 MP: 3/3
  1198 | D:2      | Found a burning altar of Makhleb.
  1200 | D:2      | Reached skill level 4 in Axes
  1263 | D:2      | Found a faded altar of an unknown god.
  1286 | D:2      | Became a worshipper of Warmaster Okawaru
  1286 | D:2      | Reached * piety under Okawaru
  1286 | D:2      | Reached ** piety under Okawaru
  1637 | D:2      | Reached XP level 4. HP: 31/35 MP: 4/4
  1646 | D:2      | Found a hazy altar of Hepliaklqana.
  2174 | D:3      | Killed Clownie's ghost
  2174 | D:3      | Reached *** piety under Okawaru
  2174 | D:3      | Reached skill level 5 in Axes
  2174 | D:3      | Gained mutation: You are partially covered in yellow scales. (AC +2) [demonic ancestry]
  2174 | D:3      | Reached XP level 5. HP: 38/41 MP: 5/5
  2372 | D:3      | Noticed Jessica
  2373 | D:3      | Found a snail-covered altar of Cheibriados.
  2383 | D:3      | Reached skill level 6 in Axes
  2384 | D:3      | Killed Jessica
  2576 | D:3      | Noticed Grinder
  2615 | D:3      | Killed Grinder
  2615 | D:3      | Reached skill level 7 in Axes
  2615 | D:3      | Gained mutation: You are mostly covered in yellow scales. (AC +3) [demonic ancestry]
  2615 | D:3      | Reached XP level 6. HP: 36/47 MP: 4/6
  2625 | D:3      | Found a white marble altar of Elyvilon.
  2625 | D:3      | Found a shadowy altar of Dithmenos.
  2626 | D:3      | Found a bloodstained altar of Trog.
  2896 | D:4      | Noticed Robin
  2917 | D:4      | Killed Robin
  2917 | D:4      | Reached XP level 7. HP: 33/52 MP: 7/7
  2983 | D:4      | Noticed Blork the orc
  2992 | D:4      | Killed Blork the orc
  3276 | D:4      | Reached skill level 8 in Axes
  4011 | D:4      | Noticed Eustachio
  4041 | D:4      | Killed from afar by a shadow imp

Skill      XL: |  1  2  3  4  5  6  7 |
---------------+----------------------+-----
Axes           | 3 4 5 7 8 |  8.6
Fighting       | |  3.0
Dodging        | |  2.6
Stealth        | |  1.7

Action                   |  1- 3 |  4- 6 |  7- 9 || total
-------------------------+-------+-------+-------++-------
Melee: Hand axe          |   104 |   130 |   130 ||   364
       Headbutt          |     8 |    21 |    19 ||    48
       Punch             |       |       |     1 ||     1
Invok: Heroism           |       |     1 |     6 ||     7
  Use: Scroll            |     2 |     2 |       ||     4
       Potion            |       |     7 |     3 ||    10
 Stab: Sleeping          |     6 |     3 |     1 ||    10
       Invisible         |       |     9 |       ||     9
  Eat: Chunk             |     2 |     5 |     3 ||    10
Armor: Robe              |    29 |    11 |       ||    40
       Leather armour    |       |    20 |    30 ||    50
Dodge: Dodged            |    84 |    80 |    68 ||   232
